 Dungeon Crawl Stone Soup version 0.31-a0-986-g5e6e4ef867 (webtiles) character file.

Game seed: 15755788010432501543

2765 monsoonserge the Grappler (level 9, -3/56 (57) HPs)
             Began as an Octopode Shapeshifter on Nov 18, 2023.
             Succumbed to an orc wizard's poison
             ... on level 6 of the Dungeon.
             The game lasted 00:11:38 (5105 turns).

monsoonserge the Grappler (Octopode Shapeshifter)   Turns: 5105, Time: 00:11:39

HP:   -3/56 (57)    AC:  1    Str: 16 (18) XL:     9   Next: 69%
MP:   9/9           EV: 19    Int:  9 (12) God:
Gold: 146           SH:  0    Dex:  8 (11) Spells: 8/8 levels left

rFire   . .          .
                       - Unarmed
rCold   . . .        (no shield)
rNeg    . . .        (helmet currently unavailable)
rPois   .            (no amulet)
rElec   .            p - +5 ring of evasion
rCorr   .            (no ring)
SInv    .            (no ring)
Will    .....        (no ring)
Stlth   ++           (no ring)
HPRegen 0.29/turn    (no ring)
MPRegen 0.11/turn    (no ring)
                     (no ring)

%: no passive effects
@: lethally poisoned (-3 -> -27), beast-form, lightly drained
A: beast (slay +3), almost no armour, amphibious, 8 rings, camouflage 1,
gelatinous body 1, (nimble swimmer 1), tentacles
a: Begin Untransformation


You were on level 6 of the Dungeon.
You were a hulking beast.
You visited 1 branch of the dungeon, and saw 6 of its levels.
You also visited: Sewer.

You collected 146 gold pieces.

Inventory:

Missiles
 s - 24 poisoned darts (quivered)
 z - a curare-tipped dart
 F - 3 boomerangs
Magical Staves
 o - a staff of death
 y - a staff of cold
Jewellery
 m - an amulet of faith
 p - a +5 ring of evasion (left tentacle)
 t - a +5 ring of evasion
 v - a ring of magical power
Talismans
 b - a beast talisman
 c - a flux talisman
Wands
 i - a wand of flame (26)
 E - a wand of polymorph (7)
Scrolls
 e - a scroll of revelation {unknown}
 f - 6 scrolls of identify {unknown}
 h - a scroll of enchant weapon {unknown}
 j - a scroll of torment {unknown}
 k - a scroll of brand weapon {unknown}
 q - 3 scrolls of fear {unknown}
 r - 2 scrolls of teleportation {unknown}
 u - a scroll of butterflies {unknown}
 x - a scroll of poison {unknown}
 B - a scroll of enchant armour {unknown}
 C - a scroll of amnesia {unknown}
Potions
 a - 3 potions of lignification
 d - a potion of heal wounds {unknown}
 g - 2 potions of degeneration
 l - 3 potions of brilliance {unknown}
 n - a potion of might {unknown}
 w - 2 potions of mutation {unknown}
 A - a potion of experience {unknown}
 D - a potion of berserk rage {unknown}


   Skills:
 + Level 3.4 Fighting
 + Level 5.4 Dodging
 - Level 1.0 Stealth
 + Level 10.5 Unarmed Combat
 * Level 5.7 Shapeshifting


You had 8 spell levels left.
You didn't know any spells.
Your spell library contained the following spells:

 Spells                   Type           Power      Damage    Failure   Level
 Necrotise                Necr           0%         1d4       38%         1
 Slow                     Hex            0%         N/A       38%         1
 Summon Small Mammal      Summ           0%         N/A       38%         1
 Cigotuvi's Dreadful Rot  Necr/Pois/Air  0%         N/A       52%         2
 Lesser Beckoning         Tloc           0%         N/A       52%         2
 Scorch                   Fire           0%         2d5       52%         2
 Sublimation of Blood     Necr           0%         N/A       52%         2
 Wereblood                Tmut           0%         N/A       52%         2
 Call Canine Familiar     Summ           0%         N/A       77%         3
 Confusing Touch          Hex            0%         N/A       77%         3
 Gell's Gravitas          Tloc           0%         N/A       77%         3
 Ignite Poison            Fire/Tmut/Pois 0%         N/A       77%         3
 Sigil of Binding         Hex            0%         N/A       77%         3
 Summon Guardian Golem    Hex/Summ       0%         N/A       77%         3
 Teleport Other           Tloc           0%         N/A       77%         3
 Vampiric Draining        Necr           0%         2d6       77%         3
 Dispel Undead            Necr           0%         3d6       99%         4
 Flame Wave               Conj/Fire      0%         2d4       99%         4
 Agony                    Necr           0%         N/A       100%        5
 Freezing Cloud           Conj/Ice/Air   0%         6-21      100%        5
 Death Channel            Necr           0%         N/A       100%        6
 Summon Cactus Giant      Summ           0%         N/A       100%        6
 Summon Hydra             Summ           0%         N/A       100%        7


Dungeon Overview and Level Annotations

Branches:
Dungeon (6/15)              Sewer (visited)
 Temple: D:4-7

Altars:
Okawaru

Annotations:
D:5 3 runed translucent doors, zenocrate's ghost, amateur OpIE


Innate Abilities, Weirdness & Mutations

You are a hulking beast.
Your limbs bulge with bestial killing power. (Slay +3)
You cannot wear most types of armour.
You are amphibious.
You can wear up to eight rings at the same time.
Your skin changes colour to match your surroundings (Stealth+).
Your rubbery body absorbs attacks. (AC +1, EV +1)
((You are camouflaged when in or above water. (Stealth+)))
You have tentacles for arms and can constrict up to eight enemies at once.


Message History

You tentacle-slap the orc but do no damage.
You grab the orc. You constrict the orc.
You kill the orc!
You constrict the orc. You constrict the wight. The wight barely misses you.
The orc hits you from afar with a +0 spear.
You tentacle-slap the orc. x2
You kill the orc!
You constrict the wight, but do no damage.
Unknown command.
You tentacle-slap the wight but do no damage.
Your tentacle-slap misses the wight.
The wight is heavily damaged.
You constrict the wight. The wight hits you with a +3 scimitar!
Something hits you.
You are poisoned.
The orc misses you.
You bludgeon the wight!
You destroy the wight!
You feel sick. Something hits you.
You are more poisoned.
Something hits you. The orc closely misses you.
You bludgeon something! You squeeze something.
Reactivating autopickup.
You feel a bit more experienced.
You feel very sick.
The wight hits you from afar with a +0 trident of flaming!
* * * LOW HITPOINT WARNING * * *
You feel drained. The wight burns you.
* * * LOW HITPOINT WARNING * * *
Something hits you.
* * * LOW HITPOINT WARNING * * *
You are more poisoned.
Deactivating autopickup; reactivate with Ctrl-A.
Something hits you.
* * * LOW HITPOINT WARNING * * *
The orc misses you.
It was a potion of degeneration.
There was something very wrong with that liquid.
You feel weakened.
You feel dopey.
You feel clumsy.
You die...

##≈≈...§§≈≈##
##§≈.≈§§### .# ###
###'#### ###.##..
#.# #......# ##.##
#<.....# ##...##
#...... #.....##
#....# #......#
##)))###... #......#
#..h{......
##...#.###..#z).).#.
#####.#.#.##zo_..#
#.....#...#z).).#
#.##.###.......... #
#.## ##...###... ..#
#...# ..# #.# .....
## #. .....#


You could see 3 wights and an orc.

Vanquished Creatures
  A yak (D:5)
  3 water moccasins
  3 black bears
  An ice beast (D:5)
  3 ogres
  2 centaurs (D:5)
  A phantom (D:5)
  4 kobold brigands (Sewer)
  A bullfrog (D:5)
  6 scorpions
  A wight (D:6)
  2 hounds (D:5)
  An orc priest (D:3)
  A jelly (D:5)
  A sleepcap (D:5)
  Natasha (thrice) (D:3)
  4 iguanas
  3 orc wizards
  3 gnolls
  12 adders
  2 river rats (Sewer)
  2 white imps (D:5)
  5 worms
  3 dart slugs
  11 orcs
  11 ball pythons
  12 endoplasms
  2 giant cockroaches
  9 hobgoblins
  7 jackals
  4 quokkas
  5 bats
  2 frilled lizards (D:1)
  10 goblins
  14 kobolds
  12 rats
167 creatures vanquished.

Notes
Turn   | Place    | Note
-------+----------+-------------------------------------------
     0 | D:1      | monsoonserge the Octopode Shapeshifter began the quest for
                  | the Orb.
     0 | D:1      | Reached XP level 1. HP: 13/13 MP: 1/1
   126 | D:1      | Found a faded altar of an unknown god.
   152 | D:1      | Reached XP level 2. HP: 18/18 MP: 2/2
   192 | D:1      | Reached skill level 1 in Stealth
   560 | D:1      | Reached XP level 3. HP: 23/23 MP: 3/3
  1072 | D:2      | Reached XP level 4. HP: 23/28 MP: 4/4
  1543 | D:3      | Noticed Natasha
  1548 | D:3      | Killed Natasha
  1549 | D:3      | Reached skill level 4 in Unarmed Combat
  1592 | D:2      | Reached XP level 5. HP: 33/33 MP: 5/5
  1937 | D:3      | Noticed Natasha
  1942 | D:3      | Killed Natasha
  1968 | D:3      | Noticed Natasha
  1976 | D:3      | Killed Natasha
  2122 | D:3      | Reached skill level 5 in Unarmed Combat
  2122 | D:3      | Reached XP level 6. HP: 19/39 MP: 6/6
  2456 | D:4      | Found a glowing drain.
  2473 | Sewer    | Entered a sewer
  2801 | Sewer    | Reached skill level 6 in Unarmed Combat
  2801 | Sewer    | Reached XP level 7. HP: 38/44 MP: 7/7
  3402 | D:4      | Reached skill level 7 in Unarmed Combat
  3681 | D:5      | Entered Level 5 of the Dungeon
  3691 | D:5      | Reached XP level 8. HP: 29/50 MP: 8/8
  3785 | D:5      | Reached skill level 8 in Unarmed Combat
  3792 | D:5      | Identified the +1 hand axe "Upaoroum" {flame, Int+3}
  3899 | D:5      | Found a runed translucent gate.
  3899 | D:5      | Found a runed translucent gate.
  3899 | D:5      | Found a runed translucent gate.
  3903 | D:5      | Noticed zenocrate's ghost (amateur OpIE)
  4131 | D:5      | Reached skill level 9 in Unarmed Combat
  4145 | D:5      | Reached skill level 5 in Shapeshifting
  4145 | D:5      | Reached XP level 9. HP: 36/55 MP: 9/9
  4513 | D:5      | Reached skill level 5 in Dodging
  4518 | D:5      | Reached skill level 10 in Unarmed Combat
  5093 | D:6      | Found an iron altar of Okawaru.
  5104 | D:6      | HP: 2/55 [something (3)]
  5105 | D:6      | Succumbed to an orc wizard's poison

Illustrated notes

Levels and vault maps discovered:
D:1:      amcnicky_arrival_flooded_fountain, layout_basic,
          ebering_ecumenical_altar_rust, kennysheep_small_spiral
D:2:      layout_basic, minmay_tetromino_s4
D:3:      layout_basic, uniq_natasha
D:4:      layout_basic, cheibrodos_sewer_entry_bend
D:5:      cheibrodos_barr_body, layout_gridville, biasface_ghost_orc_armoury
D:6:      layout_loops_cross, okawaru_ov_weapons_minmay, elyvilon_altar_5,
          jmf_multi_god_temple2, minmay_temple_entry_slanted,
          kennysheep_pointless_box, minivault_4, kennysheep_potato

Skill      XL: |  1  2  3  4  5  6  7  8  9 |
---------------+----------------------------+-----
Stealth        | 1 |  1.0
Dodging        | 3 4 5 |  5.4
Unarmed Combat | 4 5 6 7 9 10 | 10.5
Fighting       | 2 3 |  3.4
Shapeshifting  | 4 5 |  5.7

Action                     |  1- 3 |  4- 6 |  7- 9 || total
---------------------------+-------+-------+-------++-------
  Melee: Unarmed           |    71 |   126 |   153 ||   350
         Constrict         |    14 |    37 |    32 ||    83
         Tentacles         |    14 |    27 |    30 ||    71
         Punch             |     3 |     2 |    12 ||    17
    Use: Potion            |       |       |     1 ||     1
   Stab: Sleeping          |     8 |    11 |     7 ||    26
 Armour: Skin              |    22 |    42 |    59 ||   123
  Dodge: Dodged            |    35 |    93 |   124 ||   252

Table legend: (Time is in decaauts)
 A = Elapsed time spent in this place.
 B = Non-inter-level travel time spent in this place.
 C = Inter-level travel time spent in this place.
 D = Time resting spent in this place.
 E = Time spent auto-exploring this place.
 F = Levels seen in this place.
 G = Mean time per level.
                   A        B        C        D        E       F      G
               +--------+--------+--------+--------+--------+-----+--------+
         Total |   5072 |   4958 |    114 |    555 |   2812 |   7 |  724.6 |
       Dungeon |   4317 |   4203 |    114 |    476 |   2465 |   6 |  719.5 |
         Sewer |    755 |    755 |      0 |     79 |    347 |   1 |  755.0 |
               +--------+--------+--------+--------+--------+-----+--------+

Top non-repeatable levels by time:
     D:5: 1207 daAuts
     D:2: 807 daAuts
   Sewer: 755 daAuts
     D:3: 750 daAuts
     D:1: 687 daAuts
     D:4: 667 daAuts
     D:6: 197 daAuts
